 Dungeon Crawl Stone Soup version 0.31-a0-455-g1a7b003ef0 (webtiles) character file.

Game seed: 11234296665371318916

403 CraigForest the Ruffian (level 6, 0/47 HPs)
             Began as a Draconian Shapeshifter on Aug 3, 2023.
             Slain by an orc wizard
             ... wielding a +0 dagger
              (1 damage)
             ... on level 4 of the Dungeon.
             The game lasted 00:10:51 (2529 turns).

CraigForest the Ruffian (Draconian Shapeshifter)    Turns: 2529, Time: 00:10:54

Health: 0/47       AC:  6    Str: 19    XL:     6   Next: 55%
Magic:  6/6        EV: 12    Int:  8    God:
Gold:   229        SH:  0    Dex: 12    Spells: 5/5 levels left

rFire   . .          .
                       - Unarmed
rCold   + . .        e - orb {*Rage}
rNeg    . . .        (body armour unavailable)
rPois   .            (helmet currently unavailable)
rElec   .            (cloak currently unavailable)
rCorr   +            (gloves currently unavailable)
SInv    .            (boots currently unavailable)
Will    .....        (no amulet)
Stlth   +            t - ring of protection from cold
HPRegen 0.27/turn    u - ring of resist corrosion
MPRegen 0.10/turn

%: random rage (20%)
@: confused, beast-form, on berserk cooldown, slowed, very slow
A: beast (slay +3), AC +6, unfitting armour, cold-blooded
a: Begin Untransformation


You were on level 4 of the Dungeon.
You were a hulking beast.
You visited 1 branch of the dungeon, and saw 4 of its levels.
You also visited: Ossuary.

You collected 229 gold pieces.

Inventory:

Missiles
 p - 2 silver javelins
 x - 3 boomerangs
Armour
 e - an orb of wrath (worn)
 h - a +0 pair of gloves
Jewellery
 t - a ring of protection from cold (left hand)
 u - a ring of resist corrosion (right hand)
Talismans
 b - a beast talisman (active)
Wands
 g - a wand of roots (13)
 n - a wand of paralysis (5)
Scrolls
 d - a scroll of blinking {unknown}
 f - a scroll of fear {unknown}
 i - a scroll of noise {unknown}
 k - 3 scrolls of identify {unknown}
 o - a scroll of torment {unknown}
 q - 3 scrolls of teleportation {unknown}
 r - a scroll of enchant armour {unknown}
 s - a scroll of enchant weapon {unknown}
 v - a scroll of silence {unknown}
 w - a scroll of immolation {unknown}
 y - 2 scrolls of vulnerability {unknown}
Potions
 a - 2 potions of lignification
 c - a potion of attraction {unknown}
 j - a potion of invisibility {unknown}
 l - 2 potions of curing {unknown}
 m - 2 potions of haste {unknown}
 z - a potion of enlightenment {unknown}
 A - 2 potions of heal wounds {unknown}


   Skills:
 + Level 1.5 Fighting
 + Level 2.6 Dodging
 + Level 5.4 Unarmed Combat
 * Level 0.6 Invocations
 + Level 4.6 Shapeshifting


You had 5 spell levels left.
You didn't know any spells.
Your spell library was empty.

Dungeon Overview and Level Annotations

Branches:
Dungeon (4/15)            Ossuary (visited)
 Temple: D:4-7

Altars:
Vehumet
Xom

Shops:
D:1 ?


Innate Abilities, Weirdness & Mutations

You are a hulking beast.
Your limbs bulge with bestial killing power. (Slay +3)
Your plain brown scales are hard. (AC +6)
You cannot fit into any form of body armour.
You are cold-blooded and may be slowed by cold attacks.


Message History

You are exhausted.
You feel yourself slow down. The gnoll closely misses you. Something hits you.
The gnoll closely misses you.
Things that are here:
a +0 short sword; a +0 flail; a dart slug corpse You hit the gnoll but do no damage.
The gnoll completely misses you.
You hear some strange, mumbled words.
A magic dart appears from out of thin air!
The magic dart hits you. The gnoll closely misses you.
You hit the gnoll.
The gnoll is lightly wounded.
The gnoll hits you with a +0 club. Something hits you but does no damage.
The gnoll completely misses you.
The gnoll hits you from afar with a +0 spear.
The gnoll hits you with a +0 club. Something barely misses you.
You closely miss the gnoll.
The gnoll is lightly wounded.
The gnoll misses you. Something hits you.
The gnoll hits you but does no damage. The gnoll barely misses you.
You hear some strange, mumbled words.
You are confused.
The gnoll hits you from afar with a +0 spear.
The gnoll barely misses you. The gnoll hits you with a +0 club.
* * * LOW HITPOINT WARNING * * *
Something hits you.
* * * LOW HITPOINT WARNING * * *
You barely miss the gnoll.
The gnoll is lightly wounded.
The gnoll closely misses you. Something hits you but does no damage.
The gnoll hits you from afar with a +0 spear.
* * * LOW HITPOINT WARNING * * *
You bump into the rock wall.
The gnoll completely misses you. Something hits you but does no damage.
The gnoll closely misses you.
The gnoll hits you from afar with a +0 spear.
* * * LOW HITPOINT WARNING * * *
The gnoll hits you with a +0 club.
* * * LOW HITPOINT WARNING * * *
Something hits you.
You die...

##.# ###.##.###.###~~##..
#.### #.##.##..##~~≈≈#..
#...####.##....###~~≈≈#..
###....#.###...>##~~~~#..
####...###.##....~~##..
## ##....#.#####.~~#..#
#....#.#...# ##~##..#
#....#.##..## # #..##
#....#h##...# #..#~
#....g){....# #.)#~
.........g....# #.)#~
###.............# ##..#~
#.........$...$ #..##≈
####........... #..#≈≈
#........... #..##≈
#........... ##..#~
##......<.## #..##


You could see 2 gnolls.

Vanquished Creatures
  A kobold brigand (D:4)
  A scorpion (D:4)
  2 centaur zombies (Ossuary)
  A human zombie (Ossuary)
  An orc priest (D:4)
  2 mummies (Ossuary)
  An adder (D:4)
  2 gnolls (D:4)
  A shadow imp (D:3)
  An adder zombie (Ossuary)
  2 worms
  2 dart slugs
  4 orcs
  2 ball pythons
  A bat (D:2)
  3 endoplasms
  A giant cockroach (D:2)
  2 hobgoblins (D:4)
  A jackal (D:2)
  4 quokkas
  2 frilled lizards
  3 goblins
  11 hobgoblin zombies (Ossuary)
  3 jackal zombies (Ossuary)
  15 kobolds
  6 kobold zombies (Ossuary)
  12 orc zombies (Ossuary)
  4 rats
  A rat zombie (Ossuary)
92 creatures vanquished.

Notes
Turn   | Place    | Note
-------+----------+-------------------------------------------
     0 | D:1      | CraigForest the Draconian Shapeshifter began the quest for
                  | the Orb.
     0 | D:1      | Reached XP level 1. HP: 16/16 MP: 1/1
    84 | D:1      | Found Kaoziru's Magic Scroll Shoppe.
   217 | D:1      | Found a faded altar of an unknown god.
   598 | D:2      | Reached XP level 2. HP: 23/23 MP: 2/2
  1035 | D:3      | Reached XP level 3. HP: 28/28 MP: 3/3
  1426 | D:3      | Found a radiant altar of Vehumet.
  1752 | D:4      | Noticed a kobold brigand
  1762 | D:4      | Killed a kobold brigand
  1763 | D:4      | Reached skill level 4 in Unarmed Combat
  1763 | D:4      | Reached XP level 4. HP: 34/35 MP: 4/4
  1925 | D:4      | Noticed a scorpion
  1929 | D:4      | Killed a scorpion
  1930 | D:4      | Reached XP level 5. HP: 40/40 MP: 5/5
  2090 | D:4      | Found a sand-covered staircase.
  2095 | Ossuary  | Entered an ossuary
  2213 | Ossuary  | Reached XP level 6. HP: 47/47 MP: 6/6
  2222 | Ossuary  | Reached skill level 5 in Unarmed Combat
  2343 | D:4      | Found a hide-covered altar of Uskayaw.
  2345 | D:4      | Found a burning altar of Makhleb.
  2345 | D:4      | Found a sacrificial altar of Ru.
  2347 | D:4      | Found a basalt altar of Yredelemnul.
  2347 | D:4      | Found a basalt altar of Yredelemnul.
  2347 | D:4      | Found a shimmering altar of Xom.
  2529 | D:4      | HP: 1/47 [gnoll/+0 club (4)]
  2529 | D:4      | Slain by an orc wizard

Illustrated notes

Levels and vault maps discovered:
D:1:      lemuel_arrival_muddy, layout_rooms, shapermc_ecumenical_altar_pompeii,
          serial_shops, nicolae_shop_stone
D:2:      layout_basic, hex_large, minmay_indecisive_spiral
D:3:      layout_basic, nicolae_vehumet_radiance
D:4:      cheibrodos_thug_alley, layout_rooms, doesnt_xom_only_xom,
          serial_shops, shop, enter_ossuary_2

Skill      XL: |  1  2  3  4  5  6 |
---------------+-------------------+-----
Dodging        | 2 |  2.6
Unarmed Combat | 4 5 |  5.4
Shapeshifting  | 4 |  4.6
Fighting       | |  1.5
Invocations    | |  0.6

Action                     |  1- 3 |  4- 6 || total
---------------------------+-------+-------++-------
  Melee: Unarmed           |    76 |   114 ||   190
         Tailslap          |     4 |    14 ||    18
 Armour: Skin              |    21 |    35 ||    56
  Dodge: Dodged            |    43 |    75 ||   118

Table legend: (Time is in decaauts)
 A = Elapsed time spent in this place.
 B = Non-inter-level travel time spent in this place.
 C = Inter-level travel time spent in this place.
 D = Time resting spent in this place.
 E = Time spent auto-exploring this place.
 F = Levels seen in this place.
 G = Mean time per level.
                   A        B        C        D        E       F      G
               +--------+--------+--------+--------+--------+-----+--------+
         Total |   2616 |   2307 |    309 |     80 |   1550 |   5 |  523.2 |
       Dungeon |   2375 |   2066 |    309 |     80 |   1547 |   4 |  593.8 |
       Ossuary |    241 |    241 |      0 |      0 |      3 |   1 |  241.0 |
               +--------+--------+--------+--------+--------+-----+--------+

Top non-repeatable levels by time:
     D:4: 704 daAuts
     D:3: 697 daAuts
     D:1: 521 daAuts
     D:2: 451 daAuts
 Ossuary: 241 daAuts
